 Dungeon Crawl Stone Soup version 0.31-a0-986-g5e6e4ef867 (webtiles) character file.

Game seed: 13319073285782642505

11718 croobank the Carver (level 11, 0/85 HPs)
             Began as a Demigod Fire Elementalist on Nov 14, 2023.
             Slain by a meliai
             ... wielding a +0 broad axe
              (1 damage)
             ... while petrified by a basilisk
             ... on level 11 of the Dungeon.
             The game lasted 00:41:46 (14422 turns).

croobank the Carver (Demigod Fire Elementalist)    Turns: 14422, Time: 00:41:47

Health: 0/85       AC: 10    Str:  9    XL:     11   Next: 28%
Magic:  8/22       EV:  2    Int: 29    God:
Gold:   94         SH:  0    Dex: 14    Spells: 6/19 levels left

rFire   . . .        b - +3 shortbow (drain)
rCold   . . .        (shield currently unavailable)
rNeg    + + +        R - +0 steam dragon scales
rPois   ∞            X - +2 hat {Stlth+}
rElec   .            W - +1 cloak {Stlth+}
rCorr   .            (no gloves)
SInv    +            F - +0 pair of boots
Will    +....        G - amulet of magic regeneration
Stlth   +++++        l - +5 ring of evasion
HPRegen 0.34/turn    x - ring of see invisible
MPRegen 0.58/turn

%: no passive effects
@: petrified, spiked
A: high MP 1, forlorn, divine attributes
a: no special abilities


You were on level 11 of the Dungeon.
You visited 1 branch of the dungeon, and saw 11 of its levels.

You collected 619 gold pieces.
You spent 525 gold pieces at shops.

Inventory:

Hand Weapons
 a - a +6 short sword
 b - a +3 shortbow of draining (weapon)
 m - a +1 morningstar of protection
 z - a +0 long sword
 D - a +0 war axe
 Q - the +11 Singing Sword {sonic wave}
   (You found it on level 7 of the Dungeon)
Missiles
 w - 18 poisoned darts
 V - 4 darts of dispersal
Armour
 f - a +4 kite shield
 p - a +0 ring mail
 y - a +2 helmet
 F - a +0 pair of boots (worn)
 R - +0 steam dragon scales (worn)
 W - a +1 cloak of stealth (worn)
 X - a +2 hat of stealth (worn)
Jewellery
 l - a +5 ring of evasion (left hand)
 x - a ring of see invisible (right hand)
 G - an amulet of magic regeneration (around neck)
 J - a +6 ring of dexterity
 L - an amulet of regeneration
 N - a +5 ring of evasion
 P - the amulet "Jirghaalant" {Reflect rElec rPois Will- SH+5 SInv}
   (You found it on level 7 of the Dungeon)

   [amulet of reflection]

   Reflect:   It reflects blocked missile attacks.
   rElec:     It insulates you from electricity.
   rPois:     It protects you from poison Will-: It decreases your willpower.
   SInv:      It lets you see invisible.
   SH+5:      It affects your SH (+5).
Talismans
 k - a talisman of death
 u - a serpent talisman
Wands
 v - a wand of charming (11)
 K - a wand of polymorph (10)
 M - a wand of mindburst (51)
 U - a wand of flame (10)
 Z - a wand of iceblast (7)
Scrolls
 c - 4 scrolls of noise
 g - 2 scrolls of teleportation
 s - 3 scrolls of amnesia
 A - a scroll of revelation
 C - a scroll of identify
 O - a scroll of immolation
 S - a scroll of brand weapon
 Y - a scroll of silence
Potions
 d - 3 potions of heal wounds
 e - 2 potions of attraction
 h - 3 potions of magic
 j - 4 potions of cancellation
 n - 2 potions of curing
 r - a potion of enlightenment
 I - a potion of resistance
 T - a potion of berserk rage


   Skills:
 - Level 4.8 Fighting
 + Level 8.7 Long Blades
 - Level 5.2 Dodging
 - Level 5.6 Stealth
 - Level 5.6 Shields
 - Level 4.8 Spellcasting
 - Level 4.8 Conjurations
 - Level 4.0 Hexes
 - Level 3.3 Summonings
 - Level 5.5 Fire Magic


You had 6 spell levels left.
You knew the following spells:

 Your Spells              Type           Power      Damage    Failure   Level
a - Foxfire               Conj/Fire      100%       2x1d9     1%          1
b - Scorch                Fire           78%        2d8       1%          2
c - Inner Flame           Hex/Fire       35%        N/A       2%          3
d - Flame Wave            Conj/Fire      37%        2d10      8%          4
e - Call Canine Familiar  Summ           26%        N/A       4%          3

Your spell library contained the following spells:

 Spells                   Type           Power      Damage    Failure   Level
 Sigil of Binding         Hex            30%        N/A       3%          3
 Sting                    Tmut/Pois      24%        1d4       6%          1
 Volatile Blastmotes      Fire/Tloc      46%        2d13      6%          3
 Lesser Beckoning         Tloc           12%        N/A       10%         2
 Poisonous Vapours        Pois/Air       12%        N/A       10%         2
 Gell's Gravitas          Tloc           6%         N/A       19%         3
 Teleport Other           Tloc           6%         N/A       19%         3
 Dimensional Bullseye     Hex/Tloc       9%         N/A       26%         4
 Leda's Liquefaction      Hex/Erth       9%         N/A       26%         4
 Olgreb's Toxic Radiance  Pois           6%         N/A       54%         4


Dungeon Overview and Level Annotations

Branches:
Dungeon (11/15)            Temple (0/1) D:5            Lair (0/5) D:9
    Orc (0/2) D:10

Shops:
D:10 [:[(   D:11 [

Annotations:
D:2 1 runed translucent door, Crazy Yiuf


Innate Abilities, Weirdness & Mutations

You have an increased reservoir of magic. (+10% MP)
You shall have no god before yourself.
Your divine heritage dramatically boosts your attributes as you level up.


Message History

The killer bee stings you but does no damage. x2
The killer bee stings you. The killer bee completely misses you.
The killer bee stings you.
The meliai hits you with a +0 broad axe!
The meliai barely misses you.
The killer bee stings you but does no damage.
The orc wizard casts a spell.
The orc wizard flickers and vanishes for a moment.
You hear an angry buzzing noise.
The killer bee stings you but does no damage.
The meliai hits you with a +0 broad axe!
The meliai stings you!
The killer bee stings you but does no damage.
The killer bee completely misses you. The killer bee stings you!
* * * LOW HITPOINT WARNING * * *
The killer bee stings you.
A killer bee comes into view.
The meliai hits you with a +0 broad axe!
* * * LOW HITPOINT WARNING * * *
The meliai stings you.
* * * LOW HITPOINT WARNING * * *
The killer bee stings you.
* * * LOW HITPOINT WARNING * * *
The killer bee stings you.
* * * LOW HITPOINT WARNING * * *
The killer bee stings you but does no damage.
The orc wizard hits you with a +0 dagger.
* * * LOW HITPOINT WARNING * * *
The killer bee stings you.
The meliai hits you with a +0 broad axe!
* * * LOW HITPOINT WARNING * * *
The meliai stings you.
* * * LOW HITPOINT WARNING * * *
The killer bee stings you but does no damage.
The killer bee stings you.
* * * LOW HITPOINT WARNING * * *
The killer bee stings you but does no damage.
The killer bee barely misses you. x2
The meliai hits you with a +0 broad axe.
You die...

#...yl#####
#.....#
#############
##.....#
#.......^...#
......#
#...........#
.o...####
#......†....#
...yo#...##
#...........#
#####.....##
###.##'##+###
#....yyy#
#....##.#
#.yyo@#
####.##.#
...#..y#yy..#
#....# ####
H.....# #.##.#
..#...# #.##.##
... .## #.....#
.... ####..##.#
#######.......##
#.###.#.... ##
###.....#....


You could see a manticore, a meliai, 8 killer bees, an orc priest and an orc
wizard (invisible).

Vanquished Creatures
  A two-headed ogre (D:9)
  A manticore (D:11)
  An ugly thing (D:11)
  A cyclops (D:11)
  A komodo dragon (D:11)
  A tengu conjurer (D:11)
  A meliai (D:11)
  A troll (D:9)
  A shadow (D:11)
  Sigmund (D:2)
  A vampire (D:10)
  8 yaks
  2 wraiths
  Grum (D:9)
  2 vampire mosquitoes (D:10)
  2 steam dragons (D:8)
  3 water moccasins
  4 orc warriors
  4 ice beasts
  5 sky beasts
  2 black bears
  4 wolves (D:9)
  5 centaurs
  4 ogres
  A kobold brigand (D:8)
  10 scorpions
  A gnoll sergeant (D:8)
  3 bullfrogs
  3 wights
  11 killer bees
  3 electric eels (D:9)
  6 howler monkeys
  5 orc priests
  2 gnoll boudas
  9 hounds
  2 jellies
  An iron imp (D:5)
  2 iguanas
  6 orc wizards
  12 gnolls
  5 adders
  3 shadow imps
  2 white imps
  4 ufetubi
  A worm (D:5)
  4 dart slugs
  29 orcs
  5 ball pythons
  8 endoplasms
  10 giant cockroaches
  7 goblins
  4 hobgoblins
  7 jackals
  5 kobolds
  2 quokkas
  7 bats
  4 frilled lizards
  9 rats
250 creatures vanquished.

Vanquished Creatures (collateral kills)
  Erolcha (D:10)
  Menkaure (D:7)
  2 killer bees (D:9)
  A howler monkey (D:10)
  A hound (D:9)
6 creatures vanquished.

Vanquished Creatures (others)
  536 foxfires
536 creatures vanquished.

Grand Total: 792 creatures vanquished

Notes
Turn   | Place    | Note
-------+----------+-------------------------------------------
     0 | D:1      | croobank the Demigod Fire Elementalist began the quest for
                  | the Orb.
     0 | D:1      | Reached XP level 1. HP: 14/14 MP: 5/5
   151 | D:1      | Reached skill level 1 in Conjurations
   451 | D:1      | Reached XP level 2. HP: 20/20 MP: 4/7
   481 | D:1      | Learned a level 2 spell: Scorch
  1336 | D:2      | Noticed Sigmund
  1345 | D:2      | Killed Sigmund
  1346 | D:2      | Reached skill level 1 in Fighting
  1346 | D:2      | Reached XP level 3. HP: 14/28 MP: 0/9
  1346 | D:2      | Reached XP level 4. HP: 18/35 MP: 0/10
  1346 | D:2      | Reached XP level 5. HP: 20/40 MP: 0/11
  1658 | D:2      | Found a runed translucent door.
  1659 | D:2      | Noticed Crazy Yiuf
  3988 | D:4      | Noticed an ogre
  3992 | D:4      | Killed an ogre
  3993 | D:4      | Reached XP level 6. HP: 48/48 MP: 7/13
  4118 | D:4      | Learned a level 3 spell: Inner Flame
  4559 | D:4      | Learned a level 4 spell: Flame Wave
  4848 | D:5      | Entered Level 5 of the Dungeon
  4877 | D:5      | Noticed a water moccasin
  4890 | D:4      | Reached skill level 1 in Hexes
  4890 | D:4      | Reached XP level 7. HP: 56/56 MP: 7/14
  4979 | D:5      | Found a staircase to the Ecumenical Temple.
  5146 | D:5      | Reached skill level 1 in Shields
  5445 | D:5      | Identified the +0 scale mail "Qaettuhe" {*Corrode Fly rN+
                  | Dex+3}
  5630 | D:5      | Reached XP level 8. HP: 52/63 MP: 3/16
  5840 | D:5      | You fall into a shaft and drop 3 floors!
  6143 | D:6      | Learned a level 3 spell: Call Canine Familiar
  6327 | D:5      | Reached skill level 1 in Summonings
  8530 | D:7      | Noticed Menkaure
  8535 | D:7      | Killed Menkaure
  8536 | D:7      | Reached XP level 9. HP: 71/71 MP: 11/18
  9080 | D:7      | Reached skill level 5 in Fire Magic
  9427 | D:7      | Identified the amulet "Jirghaalant" {Reflect rElec rPois
                  | Will- SH+5 SInv}
  9564 | D:7      | Reached skill level 5 in Stealth
  9695 | D:7      | Found the +11 Singing Sword {sonic wave}
 10674 | D:8      | Reached skill level 5 in Shields
 11133 | D:8      | Reached skill level 5 in Dodging
 11135 | D:8      | Reached XP level 10. HP: 38/80 MP: 8/20
 11773 | D:9      | Noticed Grum
 11814 | D:9      | Killed Grum
 11994 | D:9      | Reached skill level 1 in Long Blades
 12036 | D:9      | Found a staircase to the Lair.
 12318 | D:9      | Reached skill level 2 in Long Blades
 12471 | D:9      | Noticed a two-headed ogre
 12481 | D:9      | Killed a two-headed ogre
 12482 | D:9      | Reached skill level 4 in Long Blades
 12598 | D:10     | Entered Level 10 of the Dungeon
 12648 | D:10     | Noticed Erolcha
 12650 | D:10     | Reached skill level 5 in Long Blades
 12900 | D:10     | Killed Erolcha
 13113 | D:10     | Found a staircase to the Orcish Mines.
 13160 | D:10     | Found Lapoph's Armour Shoppe.
 13167 | D:10     | Bought a +1 cloak of stealth for 231 gold pieces
 13172 | D:10     | Bought a +2 hat of stealth for 294 gold pieces
 13405 | D:10     | Found Ucwet's Book Shop.
 13410 | D:10     | Found Sorhil's Armour Emporium.
 13422 | D:10     | Found Xirau's Weapon Shoppe.
 13570 | D:10     | Reached skill level 6 in Long Blades
 13762 | D:11     | Reached XP level 11. HP: 85/85 MP: 16/22
 13795 | D:11     | Found Jauh's Armour Shop.
 13859 | D:11     | Reached skill level 7 in Long Blades
 14151 | D:11     | Reached skill level 8 in Long Blades
 14388 | D:11     | Noticed a boulder beetle
 14412 | D:11     | Noticed a centaur warrior
 14422 | D:11     | HP: 4/85 [meliai/+0 broad axe (7)]
 14422 | D:11     | HP: 1/85 [killer bee (1)]
 14422 | D:11     | Slain by a meliai

Illustrated notes

Levels and vault maps discovered:
D:1:      elethiomel_arrival_maze, layout_basic, minivault_24,
          minmay_misc_feat_columns, st_stairs_11, hex_medium, minmay_unequal
D:2:      layout_loops_ring, eino_curves_02, uniq_crazy_yiuf_cottage,
          uniq_sigmund
D:3:      minmay_roachtagon, layout_basic, lemuel_coloured_pillars_altar
D:4:      layout_basic, nzn_wu_jian_contemplation
D:5:      layout_rooms, slow_altar_1, tso_altar, minmay_temple_entry_mist,
          minmay_misc_feat_x
D:6:      layout_loops_corners, enter_ossuary_2,
          amcnicky_mini_rare_corridor_liquid, roderic_serpentine_path,
          hangedman_abyss_or_decor_lesser_grid
D:7:      old_forge, layout_rooms, minmay_joined_circles, uniq_menkaure
D:8:      layout_cave_pools, hangedman_misty_isle
D:9:      layout_basic, erik_lair_island, uniq_grum
D:10:     nicolae_BIG_FREAKIN_CUBE, layout_loops_ring, david_orc_3,
          serial_shops, nicolae_shop_advertising_works
          [nicolae_subvault_shop_adworks], shop, shop, shop, uniq_erolcha
D:11:     regret_index_combs_of_tragedy, layout_basic, serial_shops, shop

Skill      XL: |  1  2  3  4  5  6  7  8  9 10 11 |
---------------+----------------------------------+-----
Conjurations   | 1 2 3 4 |  4.8
Stealth        | 2 3 4 5 |  5.6
Dodging        | 2 3 4 5 |  5.2
Spellcasting   | 2 3 4 |  4.8
Fighting       | 1 2 3 4 |  4.8
Fire Magic     | 3 4 5 |  5.5
Hexes          | 1 2 3 4 |  4.0
Shields        | 2 3 5 |  5.6
Summonings     | 2 3 |  3.3
Long Blades    | 6 8 |  8.7

Action                     |  1- 3 |  4- 6 |  7- 9 | 10-12 || total
---------------------------+-------+-------+-------+-------++-------
  Melee: Dagger            |     4 |       |       |       ||     4
         Short sword       |       |    24 |    39 |   113 ||   176
         Punch             |       |       |     1 |     2 ||     3
   Fire: Sling             |     9 |    86 |    13 |       ||   108
         Shortbow          |       |       |       |     5 ||     5
  Throw: Throwing net      |       |       |       |     1 ||     1
   Cast: Foxfire           |    35 |    16 |   191 |    82 ||   324
         Scorch            |    10 |    37 |    97 |   110 ||   254
         Call Canine Famil |       |       |     2 |    15 ||    17
         Flame Wave        |       |       |       |     5 ||     5
         Inner Flame       |       |       |       |     1 ||     1
  Evoke: Wand              |       |       |     1 |     5 ||     6
    Use: Scroll            |     1 |    10 |    14 |     7 ||    32
         Potion            |       |       |       |     5 ||     5
   Stab: Sleeping          |     1 |       |     5 |     1 ||     7
         Betrayed ally     |       |       |       |     1 ||     1
         Distracted        |       |       |       |     1 ||     1
         Held in net/web   |       |       |       |     1 ||     1
 Armour: Robe              |     3 |    19 |    32 |       ||    54
         Steam dragon scal |       |       |    10 |   150 ||   160
  Dodge: Dodged            |     3 |    56 |   110 |   240 ||   409

Table legend: (Time is in decaauts)
 A = Elapsed time spent in this place.
 B = Non-inter-level travel time spent in this place.
 C = Inter-level travel time spent in this place.
 D = Time resting spent in this place.
 E = Time spent auto-exploring this place.
 F = Levels seen in this place.
 G = Mean time per level.
                   A        B        C        D        E       F      G
               +--------+--------+--------+--------+--------+-----+--------+
         Total |  14471 |  14053 |    418 |   5091 |   6531 |  11 | 1315.5 |
       Dungeon |  14471 |  14053 |    418 |   5091 |   6531 |  11 | 1315.5 |
               +--------+--------+--------+--------+--------+-----+--------+

Top non-repeatable levels by time:
     D:5: 1861 daAuts
     D:7: 1757 daAuts
     D:4: 1520 daAuts
     D:6: 1469 daAuts
     D:3: 1390 daAuts
     D:8: 1309 daAuts
     D:1: 1307 daAuts
     D:9: 1157 daAuts
    D:10: 1043 daAuts
     D:2: 874 daAuts
    D:11: 780 daAuts
